| TOP OF THE 1ST |
|
Rochester Red Wings batting - Pitching for Toledo Mud Hens : RHP Gordie Pierson
|
|
Pitching: RHP Gordie Pierson
|
|
|
Batting: RHB Jesse Scott
|
0-0: Ball 1-0: Swinging Strike 1-1: Foul Ball, location: 2F 1-2: Ground out 5-3 (Groundball, 56, EV 85.0 MPH)
|
|
Batting: RHB Tony Rivera
|
0-0: Ball 1-0: Ball 2-0: Ball 3-0: Called Strike 3-1: Foul Ball, location: 2F 3-2: Strikes out swinging
|
|
Batting: RHB Hildo Pot
|
0-0: Ball 1-0: Foul Ball, location: 2F 1-1: Ground out 4-3 (Groundball, 4MD, EV 110.6 MPH)
|
| Top of the 1st over - 0 runs, 0 hits, 0 errors, 0 left on base; Rochester 0 - Toledo 0 |
| BOTTOM OF THE 1ST |
|
Toledo Mud Hens batting - Pitching for Rochester Red Wings : LHP Brett Grijalva
|
|
Pitching: LHP Brett Grijalva
|
|
|
Batting: SHB Raul Morales
|
0-0: Called Strike 0-1: Foul Ball, location: 2F 0-2: Strikes out swinging
|
|
Batting: LHB Jamel Alexander
|
0-0: Ground out U3 (Groundball, 3, EV 100.0 MPH)
|
|
Batting: RHB Brady Jeleniewski
|
0-0: Ball 1-0: Swinging Strike 1-1: Ball 2-1: Foul Ball, location: 2F 2-2: Foul Ball, location: 2F 2-2: Strikes out swinging
|
| Bottom of the 1st over - 0 runs, 0 hits, 0 errors, 0 left on base; Rochester 0 - Toledo 0 |
| TOP OF THE 2ND |
|
Rochester Red Wings batting - Pitching for Toledo Mud Hens : RHP Gordie Pierson
|
|
Batting: RHB Michel Martineau
|
0-0: Called Strike 0-1: Called Strike 0-2: Foul Ball, location: 2F 0-2: Strikes out swinging
|
|
Batting: SHB Aaron Tatar
|
0-0: Ball 1-0: Called Strike 1-1: Ball 2-1: SINGLE (Line Drive, 78M, EV 91.3 MPH)
|
|
Batting: RHB Joe Zimmerman
|
0-0: Ball 1-0: Ball 2-0: Fly out, F9 (Flyball, 9, EV 91.9 MPH)
|
|
Batting: RHB Cesar Yega
|
0-0: Ball 1-0: Swinging Strike 1-1: Swinging Strike 1-2: Foul Ball, location: 2F 1-2: Strikes out swinging
|
| Top of the 2nd over - 0 runs, 1 hit, 0 errors, 1 left on base; Rochester 0 - Toledo 0 |
| BOTTOM OF THE 2ND |
|
Toledo Mud Hens batting - Pitching for Rochester Red Wings : LHP Brett Grijalva
|
|
Batting: RHB Tim Borden
|
0-0: Ball 1-0: Fly out, F8 (Flyball, 78XD, EV 103.8 MPH)
|
|
Batting: SHB Jamie Roberts
|
0-0: Ball 1-0: Swinging Strike 1-1: Foul Ball, location: 2F 1-2: Strikes out swinging
|
|
Batting: RHB Zach Koblinski
|
0-0: Ball 1-0: Ball 2-0: Ground out 6-3 (Groundball, 6, EV 86.3 MPH)
|
| Bottom of the 2nd over - 0 runs, 0 hits, 0 errors, 0 left on base; Rochester 0 - Toledo 0 |
| TOP OF THE 3RD |
|
Rochester Red Wings batting - Pitching for Toledo Mud Hens : RHP Gordie Pierson
|
|
Batting: RHB Eric Narrow
|
0-0: DOUBLE (Line Drive, 89M, EV 107.5 MPH)
|
|
Batting: LHB Bill Young
|
0-0: Ball 1-0: Ground out 3-1 (Groundball, 34S, EV 72.5 MPH) Eric Narrow to third
|
|
Batting: RHB Jesse Scott
|
0-0: Called Strike 0-1: Foul Ball, location: 2F 0-2: Foul Ball, location: 2F 0-2: Ground out 5-3 (Groundball, 56, EV 87.5 MPH) Eric Narrow scores
|
|
Batting: RHB Tony Rivera
|
0-0: Foul Ball, location: 2F 0-1: Foul Ball, location: 2F 0-2: Ball 1-2: Ball 2-2: Strikes out looking
|
| Top of the 3rd over - 1 run, 1 hit, 0 errors, 0 left on base; Rochester 1 - Toledo 0 |
| BOTTOM OF THE 3RD |
|
Toledo Mud Hens batting - Pitching for Rochester Red Wings : LHP Brett Grijalva
|
|
Batting: RHB Paul Wood
|
0-0: Ball 1-0: Ball 2-0: Foul Ball, location: 2F 2-1: Called Strike 2-2: Foul Ball, location: 2F 2-2: Foul Ball, location: 2F 2-2: Strikes out looking
|
|
Batting: RHB Casey Knutson
|
0-0: Ball 1-0: Called Strike 1-1: Ball 2-1: Foul Ball, location: 2F 2-2: Foul Ball, location: 2F 2-2: Ball 3-2: Strikes out swinging
|
|
Batting: LHB Adam Lancaster
|
0-0: Ground out U3 (Groundball, 34, EV 87.5 MPH)
|
| Bottom of the 3rd over - 0 runs, 0 hits, 0 errors, 0 left on base; Rochester 1 - Toledo 0 |
| TOP OF THE 4TH |
|
Rochester Red Wings batting - Pitching for Toledo Mud Hens : RHP Gordie Pierson
|
|
Batting: RHB Hildo Pot
|
0-0: Ball 1-0: SINGLE (Groundball, 5D, EV 101.3 MPH)
|
|
Batting: RHB Michel Martineau
|
0-0: Ball 1-0: Ball Hildo Pot steals 2nd base 2-0: Ball Passed Ball! Hildo Pot to third 3-0: Base on Balls
|
|
Batting: SHB Aaron Tatar
|
0-0: Foul Ball, location: 2F 0-1: Ball 1-1: Foul Ball, location: 2F 1-2: Strikes out looking
|
|
Batting: RHB Joe Zimmerman
|
0-0: Ball 1-0: Ball 2-0: Ball 3-0: Called Strike 3-1: Fly out, F9 (Flyball, 9D, EV 98.1 MPH) Runner from 3rd tags up, SCORES, no throw by RF
|
|
Batting: RHB Cesar Yega
|
0-0: Ball Michel Martineau steals 2nd base 1-0: Foul Ball, location: 2F 1-1: Swinging Strike 1-2: Strikes out looking
|
| Top of the 4th over - 1 run, 1 hit, 0 errors, 1 left on base; Rochester 2 - Toledo 0 |
| BOTTOM OF THE 4TH |
|
Toledo Mud Hens batting - Pitching for Rochester Red Wings : LHP Brett Grijalva
|
|
Batting: SHB Raul Morales
|
0-0: Ball 1-0: Called Strike 1-1: Ball 2-1: DOUBLE (Groundball, 5L, EV 96.3 MPH)
|
|
Batting: LHB Jamel Alexander
|
0-0: Ball 1-0: Ball 2-0: Called Strike 2-1: Foul Ball, location: 2F 2-2: Ball 3-2: Strikes out swinging
|
|
Batting: RHB Brady Jeleniewski
|
0-0: Called Strike Raul Morales steals 3rd base 0-1: Called Strike 0-2: Strikes out swinging
|
|
Batting: RHB Tim Borden
|
0-0: Swinging Strike 0-1: Ball 1-1: Fly out, F9 (Flyball, 9, EV 88.8 MPH)
|
| Bottom of the 4th over - 0 runs, 1 hit, 0 errors, 1 left on base; Rochester 2 - Toledo 0 |
| TOP OF THE 5TH |
|
Rochester Red Wings batting - Pitching for Toledo Mud Hens : RHP Gordie Pierson
|
|
Batting: RHB Eric Narrow
|
0-0: Called Strike 0-1: Ground out 4-3 (Groundball, 4, EV 105.0 MPH)
|
|
Batting: LHB Bill Young
|
0-0: Ball 1-0: Foul Ball, location: 2F 1-1: Ball 2-1: Ground out 6-3 (Groundball, 6M, EV 111.3 MPH)
|
|
Batting: RHB Jesse Scott
|
0-0: Swinging Strike 0-1: Swinging Strike 0-2: Strikes out looking
|
| Top of the 5th over - 0 runs, 0 hits, 0 errors, 0 left on base; Rochester 2 - Toledo 0 |
| BOTTOM OF THE 5TH |
|
Toledo Mud Hens batting - Pitching for Rochester Red Wings : LHP Brett Grijalva
|
|
Batting: SHB Jamie Roberts
|
0-0: Foul Ball, location: 2F 0-1: Ground out 5-3 (Groundball, 56, EV 86.9 MPH)
|
|
Batting: RHB Zach Koblinski
|
0-0: Called Strike 0-1: Ball 1-1: Swinging Strike 1-2: Ball 2-2: Strikes out swinging
|
|
Batting: RHB Paul Wood
|
0-0: Ball 1-0: Called Strike 1-1: Ground out 4-3 (Groundball, 34, EV 86.9 MPH)
|
| Bottom of the 5th over - 0 runs, 0 hits, 0 errors, 0 left on base; Rochester 2 - Toledo 0 |
| TOP OF THE 6TH |
|
Rochester Red Wings batting - Pitching for Toledo Mud Hens : RHP Gordie Pierson
|
|
Batting: RHB Tony Rivera
|
0-0: Fly out, F8 (Flyball, 8LXD, EV 100.0 MPH)
|
|
Batting: RHB Hildo Pot
|
0-0: Ball 1-0: Called Strike 1-1: Called Strike 1-2: Fly out, F8 (Line Drive, 8LD, EV 102.5 MPH)
|
|
Batting: RHB Michel Martineau
|
0-0: Ball 1-0: Called Strike 1-1: Ball 2-1: Ball 3-1: Ground out U3 (Groundball, 3S, EV 73.8 MPH)
|
| Top of the 6th over - 0 runs, 0 hits, 0 errors, 0 left on base; Rochester 2 - Toledo 0 |
| BOTTOM OF THE 6TH |
|
Toledo Mud Hens batting - Pitching for Rochester Red Wings : LHP Brett Grijalva
|
|
Batting: RHB Casey Knutson
|
0-0: Ball 1-0: Swinging Strike 1-1: Foul Ball, location: 2F 1-2: Foul Ball, location: 2F 1-2: Strikes out swinging
|
|
Batting: LHB Adam Lancaster
|
0-0: Foul Ball, location: 2F 0-1: Called Strike 0-2: Strikes out swinging
|
|
Batting: SHB Raul Morales
|
0-0: Foul Ball, location: 2F 0-1: Swinging Strike 0-2: Strikes out swinging
|
| Bottom of the 6th over - 0 runs, 0 hits, 0 errors, 0 left on base; Rochester 2 - Toledo 0 |
| TOP OF THE 7TH |
|
Rochester Red Wings batting - Pitching for Toledo Mud Hens : RHP Gordie Pierson
|
|
Batting: SHB Aaron Tatar
|
0-0: Ball 1-0: Ground out 4-3 (Groundball, 34D, EV 104.4 MPH)
|
|
Batting: RHB Joe Zimmerman
|
0-0: Ball 1-0: Foul Ball, location: 2F 1-1: Swinging Strike 1-2: Foul Ball, location: 2F 1-2: Strikes out swinging
|
|
Batting: RHB Cesar Yega
|
0-0: Ball 1-0: Called Strike 1-1: Fly out, F6 (Flyball, 56D, EV 92.5 MPH)
|
| Top of the 7th over - 0 runs, 0 hits, 0 errors, 0 left on base; Rochester 2 - Toledo 0 |
| BOTTOM OF THE 7TH |
|
Toledo Mud Hens batting - Pitching for Rochester Red Wings : LHP Brett Grijalva
|
|
Batting: LHB Jamel Alexander
|
0-0: Ball 1-0: DOUBLE (Line Drive, 9LM, EV 108.1 MPH)
|
|
Batting: RHB Brady Jeleniewski
|
0-0: Ball Jamel Alexander steals 3rd base (no throw) 1-0: 2-RUN HOME RUN (Flyball, 9D, EV 95.0 MPH), Distance : 362 ft
|
|
Batting: RHB Tim Borden
|
0-0: Ball 1-0: Ball 2-0: Foul Ball, location: 2F 2-1: Ball 3-1: Swinging Strike 3-2: Strikes out looking
|
|
Batting: SHB Jamie Roberts
|
0-0: Ground out 6-3 (Groundball, 6, EV 108.1 MPH)
|
|
Batting: RHB Zach Koblinski
|
0-0: Ground out 1-3 (Groundball, 25, EV 60.6 MPH)
|
| Bottom of the 7th over - 2 runs, 2 hits, 0 errors, 0 left on base; Rochester 2 - Toledo 2 |
| TOP OF THE 8TH |
|
Rochester Red Wings batting - Pitching for Toledo Mud Hens : RHP Gordie Pierson
|
|
Batting: RHB Eric Narrow
|
0-0: Ball 1-0: Called Strike 1-1: Ball 2-1: Swinging Strike 2-2: Strikes out swinging
|
|
Batting: LHB Bill Young
|
0-0: Called Strike 0-1: Ball 1-1: Ground out 6-3 (Groundball, 6, EV 85.6 MPH)
|
|
Batting: RHB Jesse Scott
|
0-0: Called Strike 0-1: Ball 1-1: Swinging Strike 1-2: Foul Ball, location: 2F 1-2: Ball 2-2: Foul Ball, location: 2F 2-2: Ground out 6-3 (Groundball, 6, EV 103.1 MPH)
|
| Top of the 8th over - 0 runs, 0 hits, 0 errors, 0 left on base; Rochester 2 - Toledo 2 |
| BOTTOM OF THE 8TH |
|
Toledo Mud Hens batting - Pitching for Rochester Red Wings : LHP Brett Grijalva
|
|
Batting: RHB Paul Wood
|
0-0: Ball 1-0: Ground out 6-3 (Groundball, 6, EV 86.9 MPH)
|
|
Batting: RHB Casey Knutson
|
0-0: Ball 1-0: Called Strike 1-1: Ball 2-1: Called Strike 2-2: Ground out 5-3 (Groundball, 5, EV 77.5 MPH)
|
|
Pinch Hitting: RHB Ken DiFerdinando
|
0-0: Ball 1-0: Ground out 5-3 (Groundball, 56, EV 100.6 MPH)
|
| Bottom of the 8th over - 0 runs, 0 hits, 0 errors, 0 left on base; Rochester 2 - Toledo 2 |
| TOP OF THE 9TH |
|
Rochester Red Wings batting - Pitching for Toledo Mud Hens : RHP Gordie Pierson
|
|
Pitching: RHP Will Lane
|
|
|
Now at 2B: Howie Gutierrez
|
|
|
Pinch Hitting: LHB Peer Derks
|
0-0: Ball 1-0: Ball 2-0: Ball 3-0: Base on Balls
|
|
Batting: RHB Hildo Pot
|
0-0: Foul Ball, location: 2F 0-1: Ball 1-1: Ball 2-1: Ball 3-1: Foul Ball, location: 2F 3-2: SINGLE (Line Drive, 78S, EV 96.3 MPH) Peer Derks to second
|
|
Batting: RHB Michel Martineau
|
0-0: Swinging Strike 0-1: Ball 1-1: Ball Wild Pitch! Peer Derks to third Hildo Pot to second 2-1: Intentional Walk
|
|
Batting: SHB Aaron Tatar
|
0-0: Ball 1-0: Ball 2-0: Ball 3-0: Called Strike 3-1: Called Strike 3-2: Fly out, F7 (Flyball, 7LM, EV 79.4 MPH)
|
|
Pinch Hitting: SHB David Myles
|
0-0: Called Strike 0-1: Fly out, F8 (Line Drive, 8RM, EV 92.5 MPH) Runner from 3rd tags up, SCORES, no throw by CF
|
|
Pinch Hitting: LHB Shu-yen Guo
|
0-0: Ball 1-0: Foul Ball, location: 2F 1-1: Swinging Strike 1-2: Ground out 4-3 (Groundball, 34D, EV 93.1 MPH)
|
| Top of the 9th over - 1 run, 1 hit, 0 errors, 2 left on base; Rochester 3 - Toledo 2 |
| |
|
Game Over ... Toledo defeats Rochester, 5 to 3
|
|
|